Workbook

Sheet Student Feedback
B3: MARKING CRITERIA and STUDENT FEEDBACK
B5: This section details the assessment criteria. The extent to which these are demonstrated by you determines your mark. The
B6: marks available for each criterion are shown. Lecturers will use the space provided to comment on the achievement of the
B7: task(s), including those areas in which you have performed well and areas that would benefit from development/improvement.
B9: Common Assessment Criteria Applied | J9: Marks Available | K9: Marks Awarded
B10: 1. Research-informed Literature
B11: Extent of research and/or own reading, selection of credible sources, application of appropriate referencing conventions.
J12: =IF('Marking Criteria'!D44 = 0, "", 'Marking Criteria'!D44) -> 5 | K12: =IF('Marking Criteria'!H44 = 0, "", 'Marking Criteria'!H44)
B18: 2. Knowledge and Understanding of Subject
B19: Extent of knowledge and understanding of concepts and underlying principles associated with the discipline.
J20: =IF('Marking Criteria'!D45 = 0, "", 'Marking Criteria'!D45) -> 15 | K20: =IF('Marking Criteria'!H45 = 0, "", 'Marking Criteria'!H45)
B26: 3. Analysis
B27: Analysis, evaluation and synthesis; logic, argument and judgement; analytical reflection; organisation of ideas and evidence
J28: =IF('Marking Criteria'!D46 = 0, "", 'Marking Criteria'!D46) -> 25 | K28: =IF('Marking Criteria'!H46 = 0, "", 'Marking Criteria'!H46)
B34: 4. Practical Application and Deployment
B35: Deployment of methods, materials, tools and techniques; application of concepts; formulation of innovative and creative solutions to solve problems.
J36: =IF('Marking Criteria'!D47 = 0, "", 'Marking Criteria'!D47) -> 40 | K36: =IF('Marking Criteria'!H47 = 0, "", 'Marking Criteria'!H47)
B42: 5. Skills for Professional Practice
B43: Attributes in professional practice: individual and collaborative working; deployment of appropriate media; presentation and organisation.
J44: =IF('Marking Criteria'!D48 = 0, "", 'Marking Criteria'!D48) -> 15 | K44: =IF('Marking Criteria'!H48 = 0, "", 'Marking Criteria'!H48)
B51: Assignment Mark (Assessment marks are subject to ratification at the Exam | H51: Late Submission Penalties (tick if appropriate) | J51: ='Marking Criteria'!M43 -> 0
B52: Board. These comments and marks are to give feedback on module work and are for | H52: Up to four weeks late
B53: guidance only until they are confirmed. ) | H53: 1st/2nd/3rd attempt? | I53: 1st

Sheet Marking Criteria
B8: Assignment Marking Agreement Form (not to be seen by students)
C9: Marking scheme | I9: Marks available | J9: 1st marker | K9: 2nd marker (Sample 2nd Marking) | L9: 3rd marker (if required) | M9: ß AGREED MARK AWARDED | N9: Error ?
B10: 1 | C10: Research Informed Literature
C11: You will need to have used Vancouver referencing appropriately throughout. You will have referenced research into tools for the tasks allocated as part of the team. | I11: 5 | N11: =IF(J11>I11,"*",IF(K11>I11,"*",IF(L11>I11,"*"," ")))
N12: =IF(J12>I12,"*",IF(K12>I12,"*",IF(L12>I12,"*"," ")))
B13: 2 | C13: Knowledge and Understanding of subject | N13: =IF(J13>I13,"*",IF(K13>I13,"*",IF(L13>I13,"*"," ")))
C14: You will demonstrate that you can utilise appropriate techniques at all appropriate stages of the group project by your contribution to project at an appropriate standard producing Evidence of knowledge and understanding of the relevant concepts and underlying principles of the task | I14: 5 | N14: =IF(J14>I14,"*",IF(K14>I14,"*",IF(L14>I14,"*"," ")))
C15: Personal | N15: =IF(J15>I15,"*",IF(K15>I15,"*",IF(L15>I15,"*"," ")))
C16: You will demonstrate that you can utilise appropriate techniques at all appropriate stages of the group project by the whole group production of the project proposal that contains | N16: =IF(J16>I16,"*",IF(K16>I16,"*",IF(L16>I16,"*"," ")))
C17: • title and contents pages; | I17: 10 | N17: =IF(J17>I17,"*",IF(K17>I17,"*",IF(L17>I17,"*"," ")))
C18: • project definition, including project scope, known exceptions, completion criteria; | N18: =IF(J18>I18,"*",IF(K18>I18,"*",IF(L18>I18,"*"," ")))
C19: • project justification; | N19: =IF(J19>I19,"*",IF(K19>I19,"*",IF(L19>I19,"*"," ")))
C20: • income and expenditure plans for nine years, in a table or spreadsheet; | N20: =IF(J20>I20,"*",IF(K20>I20,"*",IF(L20>I20,"*"," ")))
C21: • time plans for Stages 2 to 5 of the project, including a Gantt chart; | N21: =IF(J21>I21,"*",IF(K21>I21,"*",IF(L21>I21,"*"," ")))
C22: • organisation chart and specific responsibilities for Stages 2 to 5; | N22: =IF(J22>I22,"*",IF(K22>I22,"*",IF(L22>I22,"*"," ")))
C23: • quality control procedures. | N23: =IF(J23>I23,"*",IF(K23>I23,"*",IF(L23>I23,"*"," ")))
C24: Group | N24: =IF(J24>I24,"*",IF(K24>I24,"*",IF(L24>I24,"*"," ")))
B25: 3 | C25: Analysis | N25: =IF(J25>I25,"*",IF(K25>I25,"*",IF(L25>I25,"*"," ")))
C26: Clear analysis of your part of the project as it evolves using appropriate paperwork, | I26: 10 | N26: =IF(J26>I26,"*",IF(K26>I26,"*",IF(L26>I26,"*"," ")))
C27: Appropriate journal entries showing an analysis of allotted task appropriately documented | I27: 5 | N27: =IF(J27>I27,"*",IF(K27>I27,"*",IF(L27>I27,"*"," ")))
C28: Personal | N28: =IF(J28>I28,"*",IF(K28>I28,"*",IF(L28>I28,"*"," ")))
C29: Clear analysis of the project as it evolves evidenced in versioning and resultant paperwork, overall group analytical reflection Realistic scope. Clear completion criteria. Project justification includes financial and other considerations. Expenditure plans calculated correctly generated. Time plans produced as Gantt chart that shows calendar dates from the beginning of May this year, with no tasks allocated to weekends and public holidays. If chart covers more than one page, task descriptions clearly identifiable on each page. Realistic allocation of responsibilities and quality controls. All variations from the case study justified (eg. tasks, costs and benefits). | I29: 10 | N29: =IF(J29>I29,"*",IF(K29>I29,"*",IF(L29>I29,"*"," ")))
C30: Group | N30: =IF(J30>I30,"*",IF(K30>I30,"*",IF(L30>I30,"*"," ")))
B31: 4 | C31: Practical Application and Deployment | N31: =IF(J31>I31,"*",IF(K31>I31,"*",IF(L31>I31,"*"," ")))
C32: Correct application of project management techniques to evolve a suitable solution, | I32: 10 | N32: =IF(J32>I32,"*",IF(K32>I32,"*",IF(L32>I32,"*"," ")))
C33: Demonstrating appropriate task based skills as shown by your journal. Contribution to group presentation appropriate | I33: 10 | N33: =IF(J33>I33,"*",IF(K33>I33,"*",IF(L33>I33,"*"," ")))
C34: Personal | N34: =IF(J34>I34,"*",IF(K34>I34,"*",IF(L34>I34,"*"," ")))
C35: Correct application of project management techniques to evolve a suitable solution, demonstrating appropriate group work skills as shown by your journal and presentation Stage 1 Plan Gantt chart for the period of the coursework, which compares actual progress against plans, durations are shown against calendar dates. If chart covers more than one page, task names clearly identifiable on each page. Margins permit it to be read when bound in a folder | I35: 10 | N35: =IF(J35>I35,"*",IF(K35>I35,"*",IF(L35>I35,"*"," ")))
C36: Group presentation of solution • Explanations of how you organised/participated in your team during the week (Stage 1), how you monitored progress, how you monitored the quality of the work produced, and any other issues raised. • Explanations of your plans for Stage 2 to 5. • Answers to any questions raised by the lecturer(s). | I36: 10 | N36: =IF(J36>I36,"*",IF(K36>I36,"*",IF(L36>I36,"*"," ")))
C37: Group | N37: =IF(J37>I37,"*",IF(K37>I37,"*",IF(L37>I37,"*"," ")))
B38: 5 | C38: Skills for Professional Practice | N38: =IF(J38>I38,"*",IF(K38>I38,"*",IF(L38>I38,"*"," ")))
C39: Work must be to a professional standard, producing an appropriate part of the project or modification proposal | I39: 5 | N39: =IF(J39>I39,"*",IF(K39>I39,"*",IF(L39>I39,"*"," ")))
C40: Personal | N40: =IF(J40>I40,"*",IF(K40>I40,"*",IF(L40>I40,"*"," ")))
C41: All work must be allocated fairly and appropriately, using typical management methods Description and analysis of how the coursework was conducted, who did what, who checked what, what went well and what you would do differently if you had to do it again. A critical evaluation of the project management techniques and technologies you tried (such as quality reviews, estimating, financial appraisal, various diagrams, collaboration systems). | I41: 10 | N41: =IF(J41>I41,"*",IF(K41>I41,"*",IF(L41>I41,"*"," ")))
C43: Totals | I43: =SUM(I11:I42) -> 100 | J43: =SUM(J11:J42) -> 0 | K43: =SUM(K11:K42) -> 0 | L43: =SUM(L11:L42) -> 0 | M43: =IF(L43<>0, L43,IF(K43<>0,K43,IF(J43<>0,J43,0))) -> 0
C44: Sec1 | D44: =SUM(I11:I12) -> 5 | E44: =SUM(J11:J12) -> 0 | F44: =SUM(K11:K12) -> 0 | G44: =SUM(L11:L12) -> 0 | H44: =IF(G44>0,G44,IF(F44>0,F44,IF(E44>0,E44,0))) -> 0
C45: Sec2 | D45: =SUM(I14:I24) -> 15 | E45: =SUM(J14:J24) -> 0 | F45: =SUM(K14:K24) -> 0 | G45: =SUM(L14:L24) -> 0 | H45: =IF(G45>0,G45,IF(F45>0,F45,IF(E45>0,E45,0))) -> 0
C46: Sec3 | D46: =SUM(I26:I30) -> 25 | E46: =SUM(J26:J30) -> 0 | F46: =SUM(K26:K30) -> 0 | G46: =SUM(L26:L30) -> 0 | H46: =IF(G46>0,G46,IF(F46>0,F46,IF(E46>0,E46,0))) -> 0
C47: Sec4 | D47: =SUM(I32:I37) -> 40 | E47: =SUM(J32:J37) -> 0 | F47: =SUM(K32:K37) -> 0 | G47: =SUM(L32:L37) -> 0 | H47: =IF(G47>0,G47,IF(F47>0,F47,IF(E47>0,E47,0))) -> 0
C48: Sec5 | D48: =SUM(I39:I42) -> 15 | E48: =SUM(J39:J42) -> 0 | F48: =SUM(K39:K42) -> 0 | G48: =SUM(L39:L42) -> 0 | H48: =IF(G48>0,G48,IF(F48>0,F48,IF(E48>0,E48,0))) -> 0
B49: 1st Marker Name | E49: Caroline Brangan | H49: 1st Marker Signature | J49: Caroline Brangan
B50: 2nd Marker Name | E50: Paul John | H50: 2nd Marker Signature | J50: Paul John
B51: 3rd Marker Name | H51: 3rd Marker Signature
B52: Reasons for awarding the final mark where there is more than one marker
B53: Type 1: second (or double) as sampling or moderation has been used
B55: Notes:
B56: 1 | C56: The 3rd marker may be used where there is more than a 10 percentage point difference (in the TOTAL mark) between markers 1 and 2 OR when it is not possible to get agreement between markers 1 and 2. Reasons must be given where an agreed mark is given.
B57: 2 | C57: This form is for internal use only and is NOT to be returned to the student. The final agreed marks must be transferred to the student feedback sheet in the assignment specification.
B58: 3 | C58: The external examiner MUST be shown this form.
